 Dungeon Crawl Stone Soup version 0.32-a0-876-gcfddb08e57 (webtiles) character file.

Game seed: 1085294739383932556

70488 Armakuni the Mimic (level 15, -4/115 HPs)
             Began as a Human Artificer on Apr 1, 2024.
             Was an Initiate of Gozag.
             Succumbed to a rakshasa's poison
             ... on level 13 of the Dungeon on Apr 2, 2024.
             The game lasted 01:03:01 (20035 turns).

Armakuni the Mimic (Human Artificer)               Turns: 20035, Time: 01:03:02

Health: -4/115     AC: 26    Str: 26    XL:     15   Next: 33%
Magic:  15/15      EV: 12    Int: 18    God:    Gozag
Gold:   1013       SH:  0    Dex: 17    Spells: 14/14 levels left

rFire   + . .        a - +9 quarterstaff of Calculation {heavy, Fly Dex+3}
rCold   . . .        (shield currently unavailable)
rNeg    . . .        r - +6 scale mail of Bolyhirepeg {Int+4}
rPois   .            (no helmet)
rElec   .            D - +2 cloak {rCorr}
rCorr   +            q - +2 pair of gloves {Str+3}
SInv    +            (no boots)
Will    +....        R - amulet of regeneration Stlth
                     F - ring "Gaedwiots" {rF+ Str+6 SInv}
HPRegen 1.19/turn    A - +4 ring of protection
MPRegen 0.14/turn

%: no passive effects
@: lethally poisoned (-4 -> -39), flying
A: explore regen
a: Renounce Religion, Potion Petition, Call Merchant, Bribe Branch


You were on level 13 of the Dungeon.
You worshipped Gozag.
Gozag was most pleased with you.
You visited 4 branches of the dungeon, and saw 21 of its levels.
You also visited: Volcano.

You collected 7749 gold pieces.
You spent 3486 gold pieces at shops.
You paid 3250 gold pieces to Gozag.

Inventory:

Hand Weapons
 a - the +9 quarterstaff of Calculation (weapon) {heavy, Fly Dex+3}
   (You found it on level 7 of the Dungeon)

   Dex+3:     It affects your dexterity (+3).
   Fly:       It grants you flight.
 b - a +2 demon whip of venom
Missiles
 f - 2 throwing nets
Armour
 q - a +2 pair of gloves of strength (worn)
 r - the +6 scale mail of Bolyhirepeg (worn) {Int+4}
   (You found it on level 5 of the Lair of Beasts)

   Int+4:     It affects your intelligence (+4).
 D - a +2 cloak of preservation (worn)
Jewellery
 l - a ring of ice
 A - a +4 ring of protection (right hand)
 F - the ring "Gaedwiots" (left hand) {rF+ Str+6 SInv}
   (You bought it in a shop on level 2 of the Orcish Mines)

   [ring of strength]

   Str+6:     It affects your strength (+6).
   rF+:       It protects you from fire.
   SInv:      It lets you see invisible.
 J - a ring of protection from cold
 K - a ring of resist corrosion
 Q - an amulet of magic regeneration
 R - an amulet of regeneration (around neck)
Talismans
 I - a granite talisman
Wands
 j - a wand of acid (2)
 k - a wand of digging (7)
 p - a wand of polymorph (17)
 v - a wand of mindburst (6)
Scrolls
 o - 2 scrolls of fog
 s - 3 scrolls of fear
 u - 3 scrolls of silence
 y - 3 scrolls of vulnerability
 z - a scroll of enchant armour
 B - 6 scrolls of teleportation
 E - a scroll of noise
 G - 4 scrolls of identify
 L - 2 scrolls of blinking
 N - a scroll of poison
 O - a scroll of summoning
Potions
 c - a potion of resistance {unknown}
 d - 2 potions of heal wounds
 e - 2 potions of lignification
 g - a potion of berserk rage {unknown}
 h - 2 potions of enlightenment
 i - a potion of magic {unknown}
 m - 2 potions of ambrosia {unknown}
 n - 7 potions of curing
 t - a potion of attraction {unknown}
 w - a potion of cancellation {unknown}
 x - a potion of invisibility
 C - 3 potions of brilliance {unknown}
 H - 2 potions of degeneration {unknown}
 M - 3 potions of might {unknown}
Miscellaneous
 P - a phantom mirror


   Skills:
 - Level 10.0 Fighting
 - Level 14.0 Staves
 - Level 13.0 Armour
 - Level 5.0 Dodging
 - Level 1.0 Stealth
 - Level 10.0 Evocations
 + Level 14.8 Shapeshifting


You had 14 spell levels left.
You didn't know any spells.
Your spell library contained the following spells:

 Spells                   Type           Power      Damage    Failure   Level
 Apportation              Tloc           0%         N/A       38%         1
 Magic Dart               Conj           0%         1d3       38%         1
 Sandblast                Erth           0%         2d4       38%         1
 Slow                     Hex            0%         N/A       38%         1
 Blink                    Tloc           0%         N/A       52%         2
 Call Imp                 Summ           0%         N/A       52%         2
 Ensorcelled Hibernation  Hex/Ice        0%         N/A       52%         2
 Jinxbite                 Hex            0%         N/A       52%         2
 Lesser Beckoning         Tloc           0%         N/A       52%         2
 Mercury Vapours          Alch/Air       0%         N/A       52%         2
 Momentum Strike          Conj/Tloc      0%         3d8       52%         2
 Searing Ray              Conj           0%         2d4       52%         2
 Static Discharge         Conj/Air       0%         3-3/arc   52%         2
 Confusing Touch          Hex            0%         N/A       77%         3
 Fugue of the Fallen      Necr           0%         N/A       77%         3
 Mephitic Cloud           Conj/Alch/Air  0%         N/A       77%         3
 Ozocubu's Armour         Ice            0%         N/A       77%         3
 Passwall                 Erth           0%         N/A       77%         3
 Sigil of Binding         Hex            0%         N/A       77%         3
 Stone Arrow              Conj/Erth      0%         3d7       77%         3
 Swiftness                Air            0%         N/A       77%         3
 Tukima's Dance           Hex            0%         N/A       77%         3
 Vampiric Draining        Necr           0%         2d6       77%         3
 Airstrike                Air            0%         2d(0-16)  99%         4
 Brom's Barrelling Bould  Conj/Erth      0%         2d3       99%         4
 Dimensional Bullseye     Hex/Tloc       0%         N/A       99%         4
 Fulminant Prism          Conj/Alch      0%         3d5       99%         4
 Iskenderun's Mystic Bla Conj/Tloc 0%             2d3        (+2d1     99%         4
 Summon Lightning Spire   Summ/Air       0%         N/A       99%         4
 Alistair's Intoxication  Alch           0%         N/A       100%        5
 Freezing Cloud           Conj/Ice/Air   0%         6-21      100%        5
 Death Channel            Necr           0%         N/A       100%        6
 Sculpt Simulacrum        Ice/Alch       0%         N/A       100%        6
 Manifold Assault         Tloc           0%         N/A       100%        7
 Ozocubu's Refrigeration  Ice            0%         4d7       100%        7
 Polar Vortex             Ice            0%         N/A       100%        9


Dungeon Overview and Level Annotations

Branches:
Dungeon (13/15)            Temple (1/1) D:6            Lair (5/5) D:9
  Swamp (0/4) Lair:3        Snake (0/4) Lair:3        Slime (0/5) Lair:5
    Orc (2/2) D:9             Elf (0/3) Orc:2       Volcano (visited)
 Vaults: D:13-14

Altars:
Ashenzari
Cheibriados
Dithmenos
Elyvilon
Fedhas
Gozag
Hepliaklqana
Kikubaaqudgha
Makhleb
Nemelex Xobeh
Okawaru
Qazlal
Ru
Sif Muna
Trog
Uskayaw
Vehumet
Wu Jian
Xom
Yredelemnul
Zin
The Shining One
Beogh
Jiyva

Shops:
D:6 :   Orc:2 *=**[(*   Lair:1 [[*

Annotations:
D:4 3 runed translucent doors, FlatIsJustice's ghost, novice FoFi
D:6 1 runed translucent door, zyxw121's ghost, novice MiFi
D:8 3 transporters


Innate Abilities, Weirdness & Mutations

You regain HP and MP as you explore.


Message History

You thump the rakshasa!
The rakshasa is severely wounded.
The injured rakshasa weaves a defensive illusion!
You feel sick.
The rakshasa blinks!
The rakshasa hits you from afar with a +2 trident of venom!
Aiming: Mindburst
Press: ? - help, Shift-Dir - straight line, f - rakshasa
Aim: a rakshasa, wielding a +2 trident of venom and wearing a +0 robe (severely wounded, chance to affect: 7%)
Okay, then.
You feel very sick. The rakshasa barely misses you.
Okay, then.
You feel sick. The rakshasa attacks as it pursues you!
The rakshasa hits you from afar with a +2 trident of venom!
You are more poisoned.
You are too injured to fight recklessly!
You are too injured to fight recklessly!
You feel very sick.
The rakshasa hits you from afar with a +2 trident of venom.
You are more poisoned.
The rakshasa hits you with a +2 trident of venom!
* * * LOW HITPOINT WARNING * * *
You are more poisoned.
The rakshasa hits you from afar with a +2 trident of venom!
* * * LOW HITPOINT WARNING * * *
You are more poisoned.
You barely miss the rakshasa.
The rakshasa is heavily wounded.
* * * LOW HITPOINT WARNING * * *
You feel extremely sick.
The rakshasa hits you from afar with a +2 trident of venom!
* * * LOW HITPOINT WARNING * * *
The rakshasa misses you.
The rakshasa hits you but does no damage.
You are more poisoned.
Blink to where?
Press: ? - help, Dir - move target
As you read the scroll of blinking, it crumbles to dust.
You die...
Your body crumbles into a pile of gold.

#...# ###.##### ###ยง#
#...# ###R######
###'###### #.$RR....#
#####.......# #........#
#...'.......#
#........###.###.......#
.........#...#
#.......###
##........#<###
#.......+.. #........@.#
#.......##. #........###
#.......### #........#
######### ##.#### # #. #
# ## #. #. #.


You could see 3 rakshasas.

Vanquished Creatures
  An orc warlord (Orc:2)
  A hydra (Lair:4)
  A ghost crab (Lair:3)
  3 boulder beetles
  4 death yaks
  4 catoblepae
  2 two-headed ogres
  Erica (D:10)
  3 orc high priests
  A hell knight (Volcano)
  Amaemon (Lair:2)
  A salamander mystic (Volcano)
  A skyshark (Lair:3)
  5 skeletal warriors (D:11)
  An obsidian bat (Orc:1)
  3 orc knights
  3 orc sorcerers (Orc:2)
  A deep elf pyromancer (D:13)
  4 ugly things
  5 salamanders
  3 cyclopes
  2 manticores (Lair:5)
  3 meliai (D:13)
  3 black mambas
  9 elephants
  4 kobold blastminers
  An orange demon (Lair:2)
  A molten gargoyle (Volcano)
  Joseph (D:8)
  A torpor snail (Lair:4)
  5 gargoyles
  Maggie (Lair:2)
  9 cane toads
  Jeremiah (Lair:1)
  2 unseen horrors (D:12)
  2 rime drakes
  10 komodo dragons
  2 hornets
  6 trolls
  A spectral dream sheep (Lair:3)
  11 blink frogs (Lair:5)
  4 slime creatures (D:13)
  2 spectral black mambas (Lair:3)
  A shadow (D:12)
  2 wraiths
  A vampire (D:13)
  3 fire bats (Volcano)
  3 wyverns
  65 yaks
  3 steam dragons
  A spectral komodo dragon (Lair:3)
  3 wargs
  12 vampire mosquitoes
  A spectral cane toad (Lair:3)
  15 water moccasins
  An acid dragon (D:13)
  A spectral polar bear (Lair:3)
  2 black bears
  28 orc warriors
  2 ice beasts
  4 wolves (Lair:4)
  5 ogres
  3 centaurs
  2 phantoms
  4 kobold brigands
  2 gnoll sergeants
  7 bullfrogs
  6 scorpions
  5 wights (D:9)
  9 killer bees (D:10)
  3 howler monkeys
  2 bombardier beetles
  6 lava snakes (Volcano)
  3 hounds
  4 jellies
  18 orc priests
  2 sleepcaps
  3 iguanas
  20 orc wizards
  8 gnolls
  4 adders
  A white imp (D:7)
  An ufetubus (D:6)
  2 dart slugs
  5 ribbon worms
  63 orcs
  4 endoplasms
  5 giant cockroaches
  6 goblins
  8 hobgoblins
  17 kobolds
  2 quokkas (D:4)
  6 ball pythons
  7 bats
  2 frilled lizards (D:3)
  8 rats
531 creatures vanquished.

Vanquished Creatures (collateral kills)
  A hydra (Lair:2)
  An elephant (Lair:2)
  A komodo dragon (Lair:2)
  A spriggan (Lair:2)
  2 yaks (Lair:3)
  A sky beast (D:7)
  An orc warrior (D:9)
  An adder (D:2)
  An ufetubus (D:6)
  An orc (Orc:1)
  A hobgoblin (D:2)
12 creatures vanquished.

Vanquished Creatures (others)
  A blink frog (Lair:5)
  A yak (Lair:4)
  A warg (D:9)
  A sky beast (D:7)
  An iguana (D:6)
  An orc wizard (D:7)
  A gnoll (D:3)
7 creatures vanquished.

Grand Total: 550 creatures vanquished

Notes
Turn   | Place    | Note
-------+----------+-------------------------------------------
     0 | D:1      | Armakuni the Human Artificer began the quest for the Orb.
     0 | D:1      | Reached XP level 1. HP: 15/15 MP: 1/1
   227 | D:1      | Reached XP level 2. HP: 21/21 MP: 2/2
   846 | D:2      | Reached XP level 3. HP: 26/26 MP: 3/3
  1214 | D:2      | Found a faded altar of an unknown god.
  1543 | D:3      | Reached XP level 4. HP: 32/32 MP: 4/4
  1726 | D:3      | Reached skill level 5 in Evocations
  2677 | D:4      | Noticed a scorpion
  2704 | D:4      | Reached XP level 5. HP: 30/37 MP: 5/5
  2727 | D:4      | Found a shimmering blue altar of Sif Muna.
  2806 | D:4      | Found a glowing silver altar of Zin.
  2859 | D:4      | Reached XP level 6. HP: 17/43 MP: 6/6
  3151 | D:4      | Found a runed translucent gate.
  3151 | D:4      | Found a runed translucent gate.
  3151 | D:4      | Found a runed translucent gate.
  3152 | D:4      | Noticed FlatIsJustice's ghost (novice FoFi)
  3244 | D:4      | Noticed a black bear
  3253 | D:4      | Killed a black bear
  3317 | D:4      | Found an opulent altar of Gozag.
  3523 | D:4      | Became a worshipper of Gozag Ym Sagoz the Greedy
  3701 | D:5      | Entered Level 5 of the Dungeon
  3720 | D:5      | Reached XP level 7. HP: 48/48 MP: 7/7
  3858 | D:5      | Found a stormy altar of Qazlal.
  4813 | D:6      | Reached XP level 8. HP: 51/54 MP: 8/8
  5247 | D:6      | Found Yklin's Tiny Tomes.
  5284 | D:6      | Found a runed translucent door.
  5286 | D:6      | Noticed zyxw121's ghost (novice MiFi)
  5347 | D:6      | Reached skill level 10 in Evocations
  5377 | D:6      | Found a sparkling altar of Nemelex Xobeh.
  5378 | D:6      | Found a glowing golden altar of the Shining One.
  5424 | D:6      | Reached skill level 1 in Staves
  5482 | D:6      | Found a staircase to the Ecumenical Temple.
  5491 | Temple   | Entered the Ecumenical Temple
  6048 | D:7      | Noticed a hornet
  6057 | D:7      | Reached skill level 5 in Staves
  6057 | D:7      | Killed a hornet
  6058 | D:7      | Reached XP level 9. HP: 59/59 MP: 9/9
  6166 | D:7      | Identified the +9 quarterstaff of Calculation {heavy, Fly
                  | Dex+3}
  6298 | D:7      | Found a radiant altar of Vehumet.
  6431 | D:7      | Found a broken altar of Ashenzari.
  6946 | D:8      | Noticed a hornet
  6949 | D:8      | Killed a hornet
  6982 | D:8      | Noticed a gargoyle
  6987 | D:8      | Killed a gargoyle
  6988 | D:8      | Reached skill level 10 in Staves
  6988 | D:8      | Reached XP level 10. HP: 65/65 MP: 10/10
  7163 | D:8      | Noticed Joseph
  7182 | D:8      | Killed Joseph
  7379 | D:8      | Found a transporter.
  7381 | D:8      | Found a transporter.
  7384 | D:8      | Found a transporter.
  7431 | D:8      | Found a transporter.
  7935 | D:9      | Found a staircase to the Lair.
  8116 | D:9      | Found a blossoming altar of Fedhas.
  8506 | D:9      | Found a staircase to the Orcish Mines.
  8891 | Lair:1   | Entered Level 1 of the Lair of Beasts
  9002 | Lair:1   | Noticed a boulder beetle
  9011 | Lair:1   | Killed a boulder beetle
  9012 | Lair:1   | Reached XP level 11. HP: 70/70 MP: 11/11
  9034 | Lair:1   | Noticed Jeremiah
  9057 | Lair:1   | Killed Jeremiah
  9234 | Lair:1   | Noticed a boulder beetle
  9244 | Lair:1   | Killed a boulder beetle
  9252 | Lair:1   | Identified a scroll of acquirement
  9252 | Lair:1   | Acquired a manual of Shapeshifting
  9668 | Lair:1   | Bought a scroll of acquirement for 728 gold pieces
  9669 | Lair:1   | Acquired 1039 gold pieces
  9673 | Lair:1   | Bought a +2 pair of gloves of strength for 322 gold pieces
  9681 | Lair:2   | Noticed Amaemon
  9687 | Lair:2   | Killed Amaemon
  9688 | Lair:2   | Reached skill level 5 in Fighting
  9768 | Lair:2   | Noticed a catoblepas
 10053 | Lair:2   | Reached skill level 5 in Armour
 10339 | Lair:2   | Killed a catoblepas
 10409 | Lair:2   | Noticed a six-headed hydra
 10417 | Lair:2   | Killed a six-headed hydra
 10418 | Lair:2   | Reached XP level 12. HP: 86/86 MP: 12/12
 10619 | Lair:2   | Noticed Maggie
 10630 | Lair:2   | Killed Maggie
 11112 | Lair:3   | Reached skill level 10 in Armour
 11249 | Lair:3   | Noticed a skyshark
 11281 | Lair:3   | Killed a skyshark
 11295 | Lair:3   | Reached skill level 5 in Dodging
 11302 | Lair:3   | Reached skill level 1 in Shapeshifting
 11491 | Lair:3   | Found a staircase to the Snake Pit.
 11552 | Lair:3   | Reached skill level 5 in Shapeshifting
 11591 | Lair:3   | Reached XP level 13. HP: 68/91 MP: 13/13
 11756 | Lair:3   | Found a staircase to the Swamp.
 11790 | Lair:3   | Identified the +2 scale mail of Dishonour {rF+ Int+8 Slay+3
                  | Stlth-}
 12074 | Lair:4   | Reached skill level 10 in Shapeshifting
 12076 | Lair:4   | Noticed Snorg
 12089 | Lair:4   | Snorg changed into Snorg the scorpion
 12089 | Lair:4   | Noticed Snorg
 12092 | Lair:4   | Killed Snorg the scorpion
 12823 | Lair:5   | Entered Level 5 of the Lair of Beasts
 12939 | Lair:5   | Found a staircase to the Slime Pits.
 12939 | Lair:5   | Found a viscous altar of Jiyva.
 14056 | Lair:5   | Reached XP level 14. HP: 43/100 MP: 14/14
 14204 | Lair:5   | Identified the +6 scale mail of Bolyhirepeg {Int+4}
 14643 | Lair:1   | Bought a distressingly furry plate armour for 700 gold
                  | pieces
 14643 | Lair:1   | Identified the +1 plate armour "Gereic" {Str+2} (You bought
                  | it in a shop on level 1 of the Lair of Beasts)
 14646 | Lair:1   | Bought an encrusted chain mail for 237 gold pieces
 14646 | Lair:1   | Identified the +0 chain mail "Kuygguuh" {+Inv rC+} (You
                  | bought it in a shop on level 1 of the Lair of Beasts)
 14685 | Orc:1    | Entered Level 1 of the Orcish Mines
 14685 | Orc:1    | Found a roughly hewn altar of Beogh.
 14900 | Orc:2    | Entered Level 2 of the Orcish Mines
 15148 | Orc:2    | Noticed an orc warlord
 15281 | Orc:2    | Found Ungycicent's Antique Weapon Boutique.
 15338 | Orc:2    | Found Vued's General Store.
 15465 | Orc:1    | Found a dark tunnel.
 15474 | Volcano  | Entered a volcano
 15627 | Volcano  | Found a burning altar of Makhleb.
 15689 | Volcano  | Reached skill level 10 in Fighting
 15993 | Orc:2    | Bought a scroll of enchant weapon for 82 gold pieces
 15993 | Orc:2    | Bought a scroll of enchant armour for 82 gold pieces
 15993 | Orc:2    | Bought a scroll of immolation for 44 gold pieces
 15993 | Orc:2    | Bought a scroll of teleportation for 33 gold pieces
 15998 | Orc:2    | Bought the ring "Gaedwiots" {rF+ Str+6 SInv} for 596 gold
                  | pieces
 16077 | Lair:1   | Bought a scroll of identify for 28 gold pieces
 16163 | Orc:2    | Found Heoducho's Antique Armour Emporium.
 16198 | Orc:2    | Bought an embroidered cloak for 240 gold pieces
 16448 | Orc:2    | Found Xaloas's Jewellery Emporium.
 16455 | Orc:2    | Found a staircase to the Elven Halls.
 16496 | Orc:2    | Found Bueproip's Specific Store.
 16498 | Orc:2    | Found Lowkya's General Store.
 16508 | Orc:2    | Bought a scroll of teleportation for 33 gold pieces
 16508 | Orc:2    | Bought a wand of acid (5) for 231 gold pieces
 16508 | Orc:2    | Bought a potion of invisibility for 88 gold pieces
 16630 | Orc:2    | Killed an orc warlord
 16710 | Orc:2    | Found Sider's General Store.
 16741 | Orc:2    | Bought a scroll of teleportation for 42 gold pieces
 16951 | D:10     | Entered Level 10 of the Dungeon
 17119 | D:10     | Identified the +10 flail of Xaythuceqi {speed, rC- Str+3
                  | Dex+5}
 17257 | D:10     | Noticed Erica
 17263 | D:10     | Killed Erica
 18178 | D:11     | Reached XP level 15. HP: 52/115 MP: 15/15
 20034 | D:13     | HP: 5/115 [rakshasa/+2 trident of venom (9)]
 20035 | D:13     | Succumbed to a rakshasa's poison

Illustrated notes

Levels and vault maps discovered:
D:1:      dpeg_arrival_prison, layout_loops_ring
D:2:      layout_basic, ebering_ecumenical_altar_abandoned,
          roderic_st_hans_cross, nicolae_figureground_pulse
D:3:      layout_basic
D:4:      nicolae_cairo_tiling_very_big, layout_gridville,
          lemuel_coloured_pillars_altar, mainiacjoe_overflow_surrounded_room,
          amcnicky_altar_gilded, gammafunk_ghost_necromancy,
          minmay_misc_feat_ornament, serial_bayou_pond_a
D:5:      layout_basic, mainiacjoe_overflow_cross_hatched, serial_glass,
          glass_columns_b, glass_columns_b, dreamdust_mushroom_princess,
          minmay_misc_feat_encased
D:6:      layout_basic, jmf_multi_god_temple, minmay_temple_entry_poolview,
          ebering_ghost_sewer_d, nicolae_shop_i_like_small_books_too
D:7:      minmay_general_purpose_star, layout_basic, overflow_temple_1_default,
          cheibrodos_ashenzari_chains, kennysheep_cross_room,
          minmay_fountain_box, minmay_misc_feat_tiny
D:8:      minmay_thinvault, layout_basic, nicolae_diode_quadrants, uniq_joseph
D:9:      layout_loops_ring, lemuel_crystal_altar, lair_entry_dummy,
          david_orc_1_choice
D:10:     layout_stronghold, serial_column_ruins, column_ruins_hut,
          column_ruins_corridor_plus, column_ruins_open_medium,
          column_ruins_columns_straight, uniq_erica
D:11:     layout_loops_cross
D:12:     layout_small_grid
D:13:     layout_roguey
Temple:   compressed_dpeg_triangle_lava_temple
Lair:1:   layout_gridlike, uniq_jeremiah
Lair:2:   layout_cave_pods, grunt_forest_large_clearing_hut, uniq_amaemon,
          uniq_maggie
Lair:3:   layout_roguey, nicolae_swamp_entry_spooky, alex1729_snake_entry_snake,
          st_stairs_6, roderic_carrion_pond, grunt_forest_small_clearings
Lair:4:   layout_loops_ring, portal_ice_cave_entry_pillars_2,
          serial_bayou_shore_a, infiniplex_staircase_pool, uniq_snorg
Lair:5:   evilmike_catoblepas_cave, layout_cave_pods, slime_entry_1,
          serial_bayou_shore_b, lemuel_fruit_tree
Orc:1:    layout_caves, basic_altar, enter_volcano_2
Orc:2:    grunt_orc_gardens, layout_caves, grunt_orc_garden, grunt_orc_garden,
          grunt_orc_garden, grunt_orc_garden, serial_shops, shop,
          nicolae_specific_store

Skill      XL: |  1  2  3  4  5  6  7  8  9 10 11 12 13 14 15 |
---------------+----------------------------------------------+-----
Evocations     | 4 5 6 7 9 10 | 10.0
Staves         | 6 10 13 14 | 14.0
Fighting       | 5 6 10 | 10.0
Armour         | 7 10 12 13 | 13.0
Dodging        | 5 |  5.0
Shapeshifting  | 7 13 14 | 14.8
Stealth        | |  1.0

Action                     |  1- 3 |  4- 6 |  7- 9 | 10-12 | 13-15 || total
---------------------------+-------+-------+-------+-------+-------++-------
  Melee: Club              |     9 |       |       |       |       ||     9
         Quarterstaff      |       |       |    55 |   380 |   904 ||  1339
   Fire: Sling             |    93 |   162 |   183 |       |       ||   438
  Throw: Dart              |       |       |     1 |     1 |       ||     2
 Invoke: Call Merchant     |       |       |       |     2 |     1 ||     3
         Potion Petition   |       |       |       |       |     1 ||     1
  Evoke: Wand              |       |     3 |    24 |    26 |    20 ||    73
    Use: Scroll            |     3 |       |       |    13 |    16 ||    32
         Potion            |       |       |       |     1 |     1 ||     2
   Stab: Sleeping          |     2 |       |     1 |     3 |     3 ||     9
         Distracted        |       |       |     1 |     3 |     8 ||    12
         Paralysed         |       |       |       |    14 |       ||    14
         Invisible         |       |       |       |       |     3 ||     3
 Armour: Leather armour    |    38 |    60 |   181 |   183 |       ||   462
         Skin              |       |       |       |    13 |       ||    13
         Steam dragon scal |       |       |       |   111 |   221 ||   332
         Scale mail        |       |       |       |       |   498 ||   498
  Dodge: Dodged            |    39 |    58 |   159 |   197 |   492 ||   945

Table legend: (Time is in decaauts)
 A = Elapsed time spent in this place.
 B = Non-inter-level travel time spent in this place.
 C = Inter-level travel time spent in this place.
 D = Time resting spent in this place.
 E = Time spent auto-exploring this place.
 F = Levels seen in this place.
 G = Mean time per level.
                   A        B        C        D        E       F      G
               +--------+--------+--------+--------+--------+-----+--------+
         Total |  20155 |  19008 |   1147 |   1229 |  12131 |  22 |  916.1 |
       Dungeon |  12322 |  11562 |    760 |    551 |   8136 |  13 |  947.8 |
        Temple |      1 |      1 |      0 |      0 |      0 |   1 |    1.0 |
          Lair |   5712 |   5436 |    276 |    449 |   3097 |   5 | 1142.4 |
  Orcish Mines |   1787 |   1676 |    111 |    157 |    771 |   2 |  893.5 |
       Volcano |    332 |    332 |      0 |     72 |    126 |   1 |  332.0 |
               +--------+--------+--------+--------+--------+-----+--------+

Top non-repeatable levels by time:
  Lair:5: 1522 daAuts
  Lair:2: 1338 daAuts
     D:3: 1229 daAuts
     D:9: 1141 daAuts
     D:8: 1136 daAuts
     D:6: 1135 daAuts
     D:5: 1101 daAuts
   Orc:2: 1084 daAuts
     D:4: 1068 daAuts
  Lair:4: 1056 daAuts
     D:7: 940 daAuts
  Lair:3: 922 daAuts
  Lair:1: 872 daAuts
    D:10: 861 daAuts
    D:11: 842 daAuts
